 Dungeon Crawl Stone Soup version 0.25-a0-1133-g93ebf739aa (webtiles) character file.

Game seed: 14887194974148891060, levelgen mode: deterministic

18 Lanoc the Vexing (level 2, 0/15 HPs)
             Began as a Vampire Enchanter on May 20, 2020.
             Slain by an adder (4 damage)
             ... on level 2 of the Dungeon.
             The game lasted 00:01:16 (419 turns).

Lanoc the Vexing (Vampire Enchanter)                 Turns: 419, Time: 00:01:17

Health: 0/15       AC:  2    Str:  7    XL:     2   Next: 51%
Magic:  5/5        EV: 13    Int: 17    God:
Gold:   0          SH:  0    Dex: 14    Spells: 4/5 levels left

rFire    . . .     SeeInvis +   a - +1 dagger
rCold    + + .     Gourm    .   (no shield)
rNeg     + + +     Faith    .   b - +0 robe
rPois    ∞         Spirit   .   (no helmet)
rElec    .         Reflect  .   (no cloak)
rCorr    .         Harm     .   (no gloves)
MR       .....                  (no boots)
Stlth    +++++.....             (no amulet)
HPRegen  0.00/turn              (no ring)
MPRegen  0.09/turn              (no ring)

@: bloodless
A: no food, fangs 3, see invisible, unbreathing
a: Revivify


You were on level 2 of the Dungeon.
You were bloodless.

You visited 1 branch of the dungeon, and saw 2 of its levels.

Inventory:

Hand Weapons
 a - a +1 dagger (weapon)
Armour
 b - a +0 robe (worn)


   Skills:
 * Level 2.0 Short Blades
 + Level 2.5 Dodging
 - Level 4.4 Stealth
 - Level 2.0 Spellcasting
 * Level 5.0 Hexes


You had 4 spell levels left.
You knew the following spells:

 Your Spells              Type           Power        Failure   Level  Hunger
a - Corona                Hex            ###....      2%          1    N/A

Your spell library contained the following spells:

 Spells                   Type           Power        Failure   Level  Hunger
 Confusing Touch          Hex            ###.....     8%          3    N/A
 Tukima's Dance           Hex            ###.....     8%          3    N/A
 Ensorcelled Hibernation  Hex/Ice        ##....       11%         2    N/A
 Dazzling Flash           Conj/Hex       ##....       21%         3    N/A

Dungeon Overview and Level Annotations

Branches:
Dungeon (2/15)

Altars:


Innate Abilities, Weirdness & Mutations

You do not eat.
You do not regenerate when monsters are visible.
You are frail without blood (-20% HP).
You can heal yourself when you bite living creatures.
You are immune to poison.
You have razor-sharp teeth.
You have supernaturally acute eyesight. (SInv)
You can survive without breathing.


Message History

The jackal barely misses you.
Found shadow dragon scales.
You barely miss the jackal.
The jackal bites you but does no damage. x2
The adder hisses angrily.
You hit the jackal but do no damage. The jackal misses you.
You hit the adder.
The adder is lightly wounded.
The jackal bites you. The adder barely misses you.
You hit the adder.
The adder is lightly wounded.
The jackal barely misses you. The adder bites you.
* * * LOW HITPOINT WARNING * * *
The jackal misses you.
You aren't carrying any potions.
You aren't carrying any scrolls.
You miss the adder.
The adder is lightly wounded.
The adder bites you.
You die...

......###.# S.# ##.#
... ......##.†# ... .
..###.....######g ..
# #.#.#.....# ..#
#.......#.######...#
###..###............#
..........$.gs...#
..#.....##g.#h#..S#
#!##..#....##@# .#
##..†..###.S.#
##...## #..[# ##.##
+...# #+# #...# #.###
..# .##


You could see an adder, a jackal, a giant cockroach and a hobgoblin.

Vanquished Creatures
  An adder (D:2)
  2 hobgoblins (D:1)
  2 jackals (D:2)
  A quokka (D:2)
  A bat (D:2)
  A frilled lizard (D:2)
  2 rats
10 creatures vanquished.

Notes
Turn   | Place    | Note
-------+----------+-------------------------------------------
     0 | D:1      | Lanoc the Vampire Enchanter began the quest for the Orb.
     0 | D:1      | Reached XP level 1. HP: 13/13 MP: 3/3
   385 | D:2      | Reached XP level 2. HP: 15/15 MP: 5/5
   401 | D:2      | Reached skill level 5 in Hexes
   419 | D:2      | Slain by an adder

Illustrated notes

Levels and vault maps discovered:
D:1:      psy_arrival_terrarium, layout_loops_cross
D:2:      layout_rooms, grunt_decor_arrowhead

Skill      XL: |  1  2 |
---------------+-------+-----
Hexes          | 5 |  5.0
Short Blades   | 2 |  2.0
Dodging        | |  2.5
Stealth        | |  4.4
Spellcasting   | |  2.0

Action                   || total
-------------------------++-------
Melee: Dagger            ||    27
       Bite              ||     1
 Abil: Exsanguinate      ||     1
 Stab: Sleeping          ||     6
Armor: Robe              ||     3
Dodge: Dodged            ||    16

Table legend:
 A = Non-vault XP
 B = Vault XP
 C = Vault XP percentage of total XP
 D = Non-vault monster count
 E = Vault monster count
 F = Vault count percentage of total count
                 A         B        C        D         E       F
            +---------+---------+-------+---------+---------+-------
      Total |      27 |       0 |   0.0 |      10 |       0 |   0.0
            +---------+---------+-------+---------+---------+-------
        D:1 |       5 |       0 |   0.0 |       3 |       0 |   0.0
        D:2 |      22 |       0 |   0.0 |       7 |       0 |   0.0
            +---------+---------+-------+---------+---------+-------
